Map: Lightshade LE

Players

Vanya

  • Race: Zerg Zerg
  • League: Master

Krystianer - Winner!

  • Race: Protoss Protoss
  • League: Grandmaster

Event: DreamHack SC2 Masters 2021 Summer

VOD

Have the link to the VOD?

Description

Time

  • Played on: May 28, 2021, noon
  • Length: 10:47

All games in this series

Show
View Real Time Build Order
Export as new Build Order

Vanya Zerg 

Build Orders: Hatch First 

Get SALT Encoding   

  12  0:00  Drone  
  13  0:12  Overlord  
  13  0:17  Drone  
  14  0:30  Drone x2  
  16  0:48  Hatchery  
  15  0:51  Drone  
  15  0:55  Drone  
  17  0:58  Drone  
  18  1:09  Extractor  
  17  1:13  Spawning Pool  
  17  1:16  Drone  
  17  1:21  Drone  
  18  1:28  Drone  
  19  1:39  Drone  
  20  1:49  Overlord  
  20  2:00  Queen x2  
  20  2:01  Zergling x4  
  26  2:11  Drone x2  
  26  2:12  Metabolic Boost  
  28  2:21  Drone  
  28  2:22  Drone  
  30  2:34  Hatchery  
  29  2:37  Drone  
  30  2:45  Queen  
  30  2:50  Overlord  
  32  2:52  Drone  
  32  2:55  Drone, Zergling x2  
  32  2:58  Zergling x2  
  36  3:09  Drone x2  
  36  3:10  Drone  
  36  3:11  Overlord  
  39  3:13  Drone  
  39  3:17  Evolution Chamber  
  39  3:18  Drone  
  40  3:21  Drone  
  39  3:31  Drone x2  
  40  3:35  Spore Crawler  
  40  3:37  Drone  
  40  3:40  Drone x2  
  42  3:46  Drone  
  42  3:47  Drone x2  
  45  3:52  Queen  
  46  3:55  Drone  
  46  3:59  Drone x2  
  48  4:06  Drone  
  48  4:07  Queen  
  48  4:09  Drone x2  
  53  4:16  Drone x4  
  57  4:17  Drone  
  57  4:22  Spore Crawler x2  
  55  4:27  Drone  
  55  4:28  Drone, Overlord  
  58  4:36  Roach Warren  
  58  4:37  Overlord  
  58  4:38  Overlord  
  57  4:42  Drone  
  57  4:44  Lair  
  58  4:48  Drone  
  58  4:49  Drone, Extractor  
  58  4:50  Extractor, Drone  
  60  4:52  Drone  
  60  4:53  Drone  
  60  4:55  Drone  
  60  4:56  Drone  
  60  4:57  Drone  
  60  4:58  Drone  
  65  5:00  Drone  
  65  5:01  Drone  
  65  5:02  Drone  
  65  5:03  Drone  
  69  5:07  Drone x2  
  69  5:12  Drone x2  
  72  5:17  Drone  
  72  5:19  Overlord x3  
  73  5:25  Overlord  
  73  5:33  Evolution Chamber  
  72  5:36  Extractor  
  72  5:38  Drone x9  
  72  5:41  Extractor  
  72  5:42  Extractor  
  78  5:44  Glial Reconstitution  
  78  5:46  Drone, Overseer  
  79  5:52  Zergling x10  
  79  5:53  Zergling x2  
  85  6:01  Hatchery  
  85  6:03  Drone x3  
  84  6:07  Zerg Missile Weapons Level 1  
  84  6:17  Queen x3  
  90  6:19  Overlord  
  90  6:21  Hydralisk Den  
  89  6:26  Overlord x5  
  89  6:41  Drone  
  90  6:51  Hydralisk x6, Roach  
  104  6:58  Hatchery  
  104  7:04  Drone  
  104  7:06  Hydralisk x7, Infestation Pit  
  118  7:12  Overlord  
  118  7:17  Overlord  
  118  7:21  Overlord  
  118  7:31  Drone  
  118  7:34  Hydralisk x5  
  118  7:36  Roach x2  
  133  7:49  Hatchery, Hydralisk x2  
  133  7:50  Hatchery  
  134  7:57  Hydralisk x2  
  138  8:02  Roach  
  140  8:09  Lurker Den  
  140  8:12  Roach x3  
  144  8:14  Overlord  
  144  8:19  Roach x2  
  146  8:24  Infestation Pit  
  144  8:29  Overlord  
  141  8:34  Drone x2  
  141  8:35  Drone x2  
  141  8:36  Roach  
  141  8:40  Roach x3  
  154  8:42  Hatchery  
  154  8:44  Zerg Ground Armor Level 1  
  154  8:48  Overlord  
  153  8:51  Roach  
  153  8:52  Roach x3  
  161  9:02  Overlord  
  161  9:03  Overlord x2  
  155  9:15  Hive  
  155  9:17  Drone x2, Extractor  
  155  9:18  Drone x4  
  155  9:19  Drone x3  
  155  9:20  Drone x5, Extractor  
  167  9:31  Grooved Spines  
  167  9:37  Roach x7  
  181  9:47  Overlord  
  189  9:52  Roach  
  189  9:53  Roach x4  
  189  9:54  Zergling x2  
  189  9:58  Overlord x2  
  156  10:14  Hydralisk x2  
  156  10:15  Hydralisk x4, Roach x3  
  156  10:16  Roach x2  
Show
View Real Time Build Order
Export as new Build Order

Krystianer Protoss - Winner!

Build Orders: 1 Gate Expand, Oracle Opening 

Get SALT Encoding   

  12  0:00  Probe  
  13  0:12  Probe  
  14  0:17  Pylon  
  14  0:24  Probe (Chrono Boost)  
  15  0:36  Probe (Chrono Boost)  
  15  0:40  Gateway  
  16  0:45  Probe (Chrono Boost)  
  16  0:46  Assimilator  
  17  0:50  Probe  
  18  1:03  Probe  
  19  1:15  Probe  
  20  1:24  Nexus  
  20  1:34  Cybernetics Core  
  20  1:38  Probe  
  21  1:45  Assimilator  
  21  1:50  Probe  
  21  1:54  Pylon  
  22  2:02  Probe  
  23  2:09  Adept (Chrono Boost)  
  23  2:14  Probe  
  26  2:19  Stargate  
  26  2:28  Probe (Chrono Boost)  
  26  2:29  Adept (Chrono Boost)  
  27  2:33  Warp Gate  
  27  2:36  Probe (Chrono Boost)  
  32  2:44  Probe (Chrono Boost)  
  32  2:45  Probe (Chrono Boost)  
  32  2:50  Probe (Chrono Boost)  
  32  2:51  Probe  
  34  3:00  Oracle (Chrono Boost)  
  34  3:02  Probe  
  34  3:03  Probe  
  39  3:09  Shield Battery  
  39  3:10  Stalker  
  41  3:14  Probe  
  41  3:15  Probe  
  43  3:26  Probe  
  44  3:27  Probe  
  41  3:37  Gateway  
  41  3:38  Probe, Assimilator  
  41  3:39  Probe  
  41  3:40  Assimilator  
  43  3:42  Pylon  
  43  3:48  Stargate  
  43  3:50  Probe  
  43  3:51  Probe  
  43  3:54  Void Ray (Chrono Boost)  
  49  4:02  Probe  
  49  4:03  Probe  
  51  4:11  Pylon  
  51  4:15  Probe  
  51  4:16  Probe  
  53  4:22  Void Ray (Chrono Boost)  
  53  4:28  Pylon  
  57  4:31  Probe  
  57  4:33  Adept x2  
  62  4:44  Pylon  
  62  4:48  Nexus  
  62  4:51  Probe  
  62  4:52  Probe  
  64  4:55  Void Ray (Chrono Boost)  
  64  4:57  Void Ray (Chrono Boost)  
  68  5:03  Probe  
  68  5:04  Probe  
  74  5:09  Pylon  
  74  5:16  Probe x2  
  76  5:23  Void Ray (Chrono Boost)  
  76  5:28  Probe  
  77  5:31  Zealot  
  83  5:38  Forge  
  83  5:44  Probe x2, Pylon  
  85  5:53  Void Ray x2 (Chrono Boost)  
  85  5:57  Probe  
  86  6:03  Twilight Council  
  90  6:07  Probe x2  
  90  6:09  Assimilator  
  92  6:12  Probe  
  92  6:13  Assimilator  
  92  6:14  Protoss Ground Weapons Level 1  
  92  6:15  Shield Battery  
  93  6:19  Probe  
  93  6:20  Probe  
  93  6:21  Void Ray x2  
  93  6:24  Probe  
  96  6:26  Pylon  
  96  6:31  Probe  
  105  6:35  Pylon  
  105  6:38  Pylon  
  105  6:47  Protoss Air Weapons Level 1  
  105  6:49  Charge (Chrono Boost)  
  105  6:56  Void Ray (Chrono Boost)  
  105  7:01  Gateway  
  105  7:02  Gateway  
  105  7:03  Gateway  
  105  7:06  Gateway  
  105  7:07  Gateway  
  109  7:08  Gateway  
  109  7:10  Templar Archives  
  109  7:11  Probe x2, Robotics Facility  
  111  7:18  Void Ray (Chrono Boost)  
  115  7:24  Pylon  
  115  7:25  Probe  
  116  7:33  Pylon, Nexus  
  116  7:37  Zealot x2  
  120  7:58  Gateway, Pylon  
  120  7:59  Gateway, Zealot x2  
  120  8:00  Pylon, Zealot x3  
  120  8:01  Observer  
  120  8:02  Probe  
  132  8:06  Probe  
  132  8:10  Probe  
  134  8:18  Protoss Ground Weapons Level 2 (Chrono Boost)  
  134  8:22  High Templar x6  
  134  8:24  Zealot x2  
  134  8:26  Probe x2  
  152  8:27  Pylon  
  152  8:28  Pylon  
  152  8:30  Archon  
  152  8:31  Archon x2  
  153  8:41  Probe x2, Gateway  
  153  8:42  Probe  
  153  8:43  Gateway  
  155  8:53  Probe  
  156  8:58  Warp Prism (Chrono Boost)  
  156  8:59  High Templar  
  156  9:00  High Templar  
  162  9:02  Zealot  
  162  9:03  Zealot x6  
  168  9:11  Zealot  
  168  9:12  Archon  
  168  9:15  Probe x2  
  168  9:16  Assimilator  
  172  9:20  Photon Cannon, Shield Battery, Assimilator  
  172  9:21  Pylon  
  172  9:23  Warp Prism (Chrono Boost)  
  172  9:27  High Templar x4  
  172  9:31  Archon x2  
  182  9:33  Zealot x2  
  182  9:35  Pylon  
  186  9:58  Zealot x7  
  176  10:16  Zealot x5  
  180  10:21  Zealot x7  
  176  10:37  Zealot  
  176  10:38  Zealot x4  
  176  10:42  Zealot x6  
  182  10:43  Zealot  
Tags
 
Add a new tag
Caveats
  • Supply blocks, unpowered buildings, or Contaminate may cause inaccurate times.
  • Supply counts are checked every 10 seconds.